 Dungeon Crawl Stone Soup version 0.24-a0-441-g27f0392e16 (console) character file.

Game seed: 12015395247962390730

21 Voker57 the Skirmisher (level 2, -7/24 HPs)
             Began as a Demonspawn Monk on June 20, 2019.
             Mangled by a worm (12 damage)
             ... on level 2 of the Dungeon.
             The game lasted 00:00:43 (1271 turns).

Voker57 the Skirmisher (Demonspawn Monk)            Turns: 1271, Time: 00:00:43

Health: -7/24      AC:  2    Str: 11    XL:     2   Next: 65%
Magic:  2/2        EV: 13    Int: 11    God:
Gold:   75         SH:  0    Dex: 15    Spells: 1/1 levels left

rFire    . . .     SeeInvis .   a - +1 mace
rCold    . . .     Gourm    .   (no shield)
rNeg     . . .     Faith    .   b - +0 robe
rPois    .         Spirit   .   (no helmet)
rElec    .         Reflect  .   (no cloak)
rCorr    .         Harm     .   (no gloves)
MR       .....                  (no boots)
Stlth    ++........             (no amulet)
HPRegen  0.08/turn              (no ring)
MPRegen  0.08/turn              (no ring)

@: no status effects
A: powered by pain 1
a: no special abilities


You were on level 2 of the Dungeon.
You were very hungry.

You visited 1 branch of the dungeon, and saw 2 of its levels.

You collected 75 gold pieces.

Inventory:

Hand Weapons
 a - a +1 mace (weapon)
Armour
 b - a +0 robe (worn)
Scrolls
 e - a scroll of identify
 f - 2 scrolls of teleportation {unknown}
 g - a scroll of noise {unknown}
Potions
 d - a potion of curing
 h - a potion of flight {unknown}
 i - a potion of magic {unknown}
Comestibles
 c - 3 rations


   Skills:
 + Level 3.5 Fighting
 - Level 2.6 Maces & Flails
 + Level 3.2 Dodging
 - Level 1.7 Stealth


You had one spell level left.
You didn't know any spells.
Your spell library was empty.

Dungeon Overview and Level Annotations

Branches:
Dungeon (2/15)

Altars:


Innate Abilities, Weirdness & Mutations

You sometimes gain a little power by taking damage.


Message History

* * * LOW HITPOINT WARNING * * *
You barely miss the worm.
The worm is almost dead.
The worm barely misses you.
You barely miss the worm.
The worm is severely wounded.
The worm barely misses you.
You barely miss the worm.
The worm is heavily wounded.
The worm closely misses you.
You hit the worm.
The worm is severely wounded.
You hit the worm.
The worm is almost dead.
The worm barely misses you.
You barely miss the worm.
The worm is almost dead.
The worm bites you!
Ouch! That really hurt!
You die...

#.... ...#####....
######## ............
###......################
........'..............)
##......#...........####
#......#...............
#......#...............
#......##########......
#.....@w........#......
#...............#......
#...............#......
######..........#......
#..........#......
#..........#......
#..........#......
############......
#######


You could see a worm.

Vanquished Creatures
  An adder (D:2)
  A dart slug (D:2)
  2 bats
  A goblin (D:2)
  3 hobgoblins (D:1)
  A frilled lizard (D:2)
  A kobold (D:2)
  A rat (D:1)
11 creatures vanquished.

Notes
Turn   | Place    | Note
-------+----------+-------------------------------------------
     0 | D:1      | Voker57 the Demonspawn Monk began the quest for the Orb.
     0 | D:1      | Reached XP level 1. HP: 18/18 MP: 1/1
   857 | D:2      | Gained mutation: You sometimes gain a little power by
                  | taking damage. [demonic ancestry]
   857 | D:2      | Reached XP level 2. HP: 24/24 MP: 2/2
  1271 | D:2      | Mangled by a worm

Levels and vault maps discovered:
D:1:      dpeg_arrival_three_same_balls, layout_basic, serial_forest,
          infiniplex_forest_lined_room_3, infiniplex_forest_straight_2,
          infiniplex_forest_corner_2, infiniplex_forest_corner_1,
          infiniplex_forest_clump_tiny, infiniplex_forest_lined_room_,
          infiniplex_forest_clump_small, infiniplex_forest_straight_4,
          minmay_misc_feat_iff, hex_tiny
D:2:      layout_basic, chequers_ecumenical_altar_simple

Skill      XL: |  1 |
---------------+----+-----
Dodging        | 3 |  3.2
Fighting       | |  3.5
Maces & Flails | |  2.6
Stealth        | |  1.7

Action                   || total
-------------------------++-------
Melee: Mace              ||    50
  Use: Scroll            ||     3
       Potion            ||     1
 Stab: Sleeping          ||     5
Armor: Robe              ||     6
Dodge: Dodged            ||    28

Table legend:
 A = Non-vault XP
 B = Vault XP
 C = Vault XP percentage of total XP
 D = Non-vault monster count
 E = Vault monster count
 F = Vault count percentage of total count
                 A         B        C        D         E       F
            +---------+---------+-------+---------+---------+-------
      Total |      31 |       0 |   0.0 |      11 |       0 |   0.0
            +---------+---------+-------+---------+---------+-------
        D:1 |       9 |       0 |   0.0 |       5 |       0 |   0.0
        D:2 |      22 |       0 |   0.0 |       6 |       0 |   0.0
            +---------+---------+-------+---------+---------+-------
